| TOP OF THE 1ST |
|
Tijuana Toros batting - Pitching for Kelowna Heat : LHP Ken Cromsie
|
|
Pitching: LHP Ken Cromsie
|
|
|
Batting: RHB Alex Diaz
|
0-0: Ball 1-0: Foul Ball, location: 2F 1-1: Ball 2-1: Ball 3-1: SOLO HOME RUN (Flyball, 7D, EV 96.9 MPH), Distance : 385 ft
|
|
Batting: RHB Guo Kwok
|
0-0: Ball 1-0: Ball 2-0: Ball 3-0: Called Strike 3-1: Base on Balls
|
|
Batting: RHB Jerry Afghani
|
0-0: Ball 1-0: Fly out, F8 (Flyball, 78D, EV 86.9 MPH)
|
|
Batting: RHB Shiki Nomoto
|
0-0: Ball 1-0: Ball 2-0: Ball 3-0: Base on Balls Guo Kwok to second
|
|
Batting: RHB Mario Diaz
|
0-0: Called Strike 0-1: Ball 1-1: Swinging Strike 1-2: Ball 2-2: Ball 3-2: Foul Ball, location: 2F 3-2: Foul Ball, location: 2F 3-2: Strikes out swinging
|
|
Batting: RHB Djoka Subasic
|
0-0: Ball 1-0: Ball 2-0: Ball 3-0: Base on Balls Guo Kwok to third Shiki Nomoto to second
|
|
Batting: RHB Tan-ming Kwan
|
0-0: Called Strike 0-1: Foul Ball, location: 2F 0-2: Ball 1-2: Strikes out swinging
|
| Top of the 1st over - 1 run, 1 hit, 0 errors, 3 left on base; Tijuana 1 - Kelowna 0 |
| BOTTOM OF THE 1ST |
|
Kelowna Heat batting - Pitching for Tijuana Toros : LHP Israel Cerna
|
|
Pitching: LHP Israel Cerna
|
|
|
Batting: LHB Billy Lang
|
0-0: Ball 1-0: Ground out 4-3 (Groundball, 4MS, EV 87.5 MPH)
|
|
Batting: SHB Michael Woodard
|
0-0: Ball 1-0: Ball 2-0: Called Strike 2-1: SOLO HOME RUN (Line Drive, 7D, EV 99.4 MPH), Distance : 397 ft
|
|
Batting: RHB Joey Black
|
0-0: Swinging Strike 0-1: Ball 1-1: Ball 2-1: Ball 3-1: Swinging Strike 3-2: Foul Ball, location: 2F 3-2: Foul Ball, location: 2F 3-2: Base on Balls
|
|
Batting: RHB Mike Storey
|
0-0: Ball 1-0: Ball 2-0: Ball 3-0: Called Strike 3-1: Foul Ball, location: 2F 3-2: Base on Balls Joey Black to second
|
|
Batting: LHB Willy Berrios
|
0-0: Ball 1-0: Ball 2-0: Ball 3-0: Base on Balls Joey Black to third Mike Storey to second
|
|
Batting: RHB Sean Gilbert
|
0-0: Swinging Strike 0-1: Ball 1-1: Ball 2-1: Ball 3-1: Foul Ball, location: 2F 3-2: Strikes out swinging
|
|
Batting: LHB Robert Leary
|
0-0: Foul Ball, location: 2F 0-1: Ball 1-1: Ball 2-1: Foul Ball, location: 2F 2-2: Fly out, F8 (Line Drive, 8RD, EV 91.9 MPH)
|
| Bottom of the 1st over - 1 run, 1 hit, 0 errors, 3 left on base; Tijuana 1 - Kelowna 1 |
| TOP OF THE 2ND |
|
Tijuana Toros batting - Pitching for Kelowna Heat : LHP Ken Cromsie
|
|
Batting: RHB Guillermo Puente
|
0-0: Ball 1-0: Called Strike 1-1: Called Strike 1-2: Foul Ball, location: 2F 1-2: Strikes out swinging
|
|
Batting: RHB Clay Holgate
|
0-0: Foul Ball, location: 2F 0-1: Ball 1-1: Foul Ball, location: 2F 1-2: Fly out, F8 (Line Drive, 8RM, EV 90.0 MPH)
|
|
Batting: RHB Alex Diaz
|
0-0: Swinging Strike 0-1: Ground out 6-3 (Groundball, 6, EV 78.8 MPH)
|
| Top of the 2nd over - 0 runs, 0 hits, 0 errors, 0 left on base; Tijuana 1 - Kelowna 1 |
| BOTTOM OF THE 2ND |
|
Kelowna Heat batting - Pitching for Tijuana Toros : LHP Israel Cerna
|
|
Batting: RHB Glen Limeburner
|
0-0: Ball 1-0: Ball 2-0: Ball 3-0: Base on Balls
|
|
Batting: RHB Jason Fink
|
0-0: Ball 1-0: Called Strike 1-1: Ball 2-1: Called Strike Glen Limeburner is caught stealing 2nd base 2-4 2-2: Strikes out swinging
|
|
Batting: LHB Billy Lang
|
0-0: Called Strike 0-1: Foul Ball, location: 2F 0-2: Ball 1-2: Ball 2-2: Fly out, F9 (Flyball, 9LM, EV 82.5 MPH)
|
| Bottom of the 2nd over - 0 runs, 0 hits, 0 errors, 0 left on base; Tijuana 1 - Kelowna 1 |
| TOP OF THE 3RD |
|
Tijuana Toros batting - Pitching for Kelowna Heat : LHP Ken Cromsie
|
|
Batting: RHB Guo Kwok
|
0-0: Ball 1-0: Ball 2-0: Ball 3-0: Called Strike 3-1: Ground out U3 (Groundball, 34, EV 91.2 MPH)
|
|
Batting: RHB Jerry Afghani
|
0-0: Ball 1-0: Ball 2-0: Called Strike 2-1: Foul Ball, location: 2F 2-2: Foul Ball, location: 2F 2-2: Strikes out swinging
|
|
Batting: RHB Shiki Nomoto
|
0-0: Ground out 6-3 (Groundball, 6, EV 81.2 MPH)
|
| Top of the 3rd over - 0 runs, 0 hits, 0 errors, 0 left on base; Tijuana 1 - Kelowna 1 |
| BOTTOM OF THE 3RD |
|
Kelowna Heat batting - Pitching for Tijuana Toros : LHP Israel Cerna
|
|
Batting: SHB Michael Woodard
|
0-0: Called Strike 0-1: Fly out, F8 (Flyball, 8LXD, EV 105.0 MPH)
|
|
Batting: RHB Joey Black
|
0-0: Called Strike 0-1: Ball 1-1: Ball 2-1: Ball 3-1: Base on Balls
|
|
Batting: RHB Mike Storey
|
0-0: Called Strike Joey Black steals 2nd base 0-1: Ball 1-1: Foul Ball, location: 2F 1-2: Strikes out swinging
|
|
Batting: LHB Willy Berrios
|
0-0: Ball 1-0: Ball 2-0: Ball 3-0: Base on Balls
|
|
Batting: RHB Sean Gilbert
|
0-0: Called Strike 0-1: Called Strike 0-2: Strikes out swinging
|
| Bottom of the 3rd over - 0 runs, 0 hits, 0 errors, 2 left on base; Tijuana 1 - Kelowna 1 |
| TOP OF THE 4TH |
|
Tijuana Toros batting - Pitching for Kelowna Heat : LHP Ken Cromsie
|
|
Batting: RHB Mario Diaz
|
0-0: Called Strike 0-1: Foul Ball, location: 2F 0-2: Ball 1-2: Ground out 4-3 (Groundball, 4S, EV 91.2 MPH)
|
|
Batting: RHB Djoka Subasic
|
0-0: Ball 1-0: Ball 2-0: Called Strike 2-1: Ball 3-1: Ground out 6-3 (Groundball, 6, EV 103.8 MPH)
|
|
Batting: RHB Tan-ming Kwan
|
0-0: Foul Ball, location: 2F 0-1: Fly out, F8 (Flyball, 8RXD, EV 86.2 MPH)
|
| Top of the 4th over - 0 runs, 0 hits, 0 errors, 0 left on base; Tijuana 1 - Kelowna 1 |
| BOTTOM OF THE 4TH |
|
Kelowna Heat batting - Pitching for Tijuana Toros : LHP Israel Cerna
|
|
Batting: LHB Robert Leary
|
0-0: Ball 1-0: Fly out, F8 (Flyball, 8LM, EV 96.2 MPH)
|
|
Batting: RHB Glen Limeburner
|
0-0: Fly out, F7 (Flyball, 7LM, EV 92.5 MPH)
|
|
Batting: RHB Jason Fink
|
0-0: Foul Ball, location: 2F 0-1: Ball 1-1: Called Strike 1-2: Ball 2-2: Ball 3-2: Strikes out swinging
|
| Bottom of the 4th over - 0 runs, 0 hits, 0 errors, 0 left on base; Tijuana 1 - Kelowna 1 |
| TOP OF THE 5TH |
|
Tijuana Toros batting - Pitching for Kelowna Heat : LHP Ken Cromsie
|
|
Batting: RHB Guillermo Puente
|
0-0: Ball 1-0: Swinging Strike 1-1: Ball 2-1: Called Strike 2-2: Ball 3-2: Fly out, F8 (Flyball, 8RD, EV 84.4 MPH)
|
|
Batting: RHB Clay Holgate
|
0-0: Ball 1-0: Ball 2-0: Ball 3-0: Called Strike 3-1: Foul Ball, location: 2F 3-2: Foul Ball, location: 2F 3-2: Strikes out looking
|
|
Batting: RHB Alex Diaz
|
0-0: SINGLE (Groundball, 6S, EV 66.9 MPH) (infield hit)
|
|
Pitching: RHP James Jenkins
|
|
|
Batting: RHB Guo Kwok
|
0-0: Ball 1-0: Called Strike 1-1: Ball 2-1: Swinging Strike 2-2: Fielders Choice at 2nd, 6-4 (Groundball, 56, EV 80.6 MPH)
|
| Top of the 5th over - 0 runs, 1 hit, 0 errors, 1 left on base; Tijuana 1 - Kelowna 1 |
| BOTTOM OF THE 5TH |
|
Kelowna Heat batting - Pitching for Tijuana Toros : LHP Israel Cerna
|
|
Batting: LHB Billy Lang
|
0-0: Called Strike 0-1: Ball 1-1: Called Strike 1-2: Ball 2-2: Foul Ball, location: 2F 2-2: Strikes out swinging
|
|
Batting: SHB Michael Woodard
|
0-0: Ball 1-0: Reached on error, E2 (Groundball, 13S, EV 69.4 MPH)
|
|
Batting: RHB Joey Black
|
0-0: Called Strike 0-1: Foul Ball, location: 2F 0-2: Ball 1-2: Ball 2-2: Foul Ball, location: 2F 2-2: Ground out 6-3 (Groundball, 6, EV 83.8 MPH)
|
|
Batting: RHB Mike Storey
|
0-0: Foul Ball, location: 2F 0-1: Ball 1-1: Ball 2-1: Ball 3-1: Foul Ball, location: 2F 3-2: TRIPLE (Line Drive, 8LXD, EV 113.8 MPH) Michael Woodard scores
|
|
Batting: LHB Willy Berrios
|
0-0: Ground out 5-3 (Groundball, 56, EV 98.8 MPH)
|
| Bottom of the 5th over - 1 run, 1 hit, 1 error, 1 left on base; Tijuana 1 - Kelowna 2 |
| TOP OF THE 6TH |
|
Tijuana Toros batting - Pitching for Kelowna Heat : RHP James Jenkins
|
|
Batting: RHB Jerry Afghani
|
0-0: Ball 1-0: Called Strike 1-1: SINGLE (Groundball, 4MS, EV 63.8 MPH) (infield hit)
|
|
Batting: RHB Shiki Nomoto
|
0-0: Called Strike 0-1: Ball 1-1: Grounds into double play, 6-4-3 (Groundball, 6, EV 105.0 MPH)
|
|
Batting: RHB Mario Diaz
|
0-0: Called Strike 0-1: Ball 1-1: SINGLE (Flyball, 8LS, EV 91.9 MPH)
|
|
Batting: RHB Djoka Subasic
|
0-0: Foul Ball, location: 2F 0-1: Swinging Strike 0-2: Strikes out swinging
|
| Top of the 6th over - 0 runs, 2 hits, 0 errors, 1 left on base; Tijuana 1 - Kelowna 2 |
| BOTTOM OF THE 6TH |
|
Kelowna Heat batting - Pitching for Tijuana Toros : LHP Israel Cerna
|
|
Batting: RHB Sean Gilbert
|
0-0: Ball 1-0: Ball 2-0: Ball 3-0: Called Strike 3-1: Foul Ball, location: 2F 3-2: Foul Ball, location: 2F 3-2: Ground out 1-6-3 (Groundball, 15S, EV 106.9 MPH)
|
|
Batting: LHB Robert Leary
|
0-0: Ground out 4-3 (Groundball, 4, EV 78.8 MPH)
|
|
Batting: RHB Glen Limeburner
|
0-0: Ball 1-0: Called Strike 1-1: SINGLE (Line Drive, 9S, EV 88.8 MPH)
|
|
Pitching: RHP Jimmy Hitchcock
|
|
|
Batting: RHB Jason Fink
|
0-0: Ball 1-0: Ball Passed Ball! Glen Limeburner to second 2-0: Called Strike 2-1: Foul Ball, location: 2F 2-2: Strikes out swinging
|
| Bottom of the 6th over - 0 runs, 1 hit, 0 errors, 1 left on base; Tijuana 1 - Kelowna 2 |
| TOP OF THE 7TH |
|
Tijuana Toros batting - Pitching for Kelowna Heat : RHP James Jenkins
|
|
Pitching: RHP Sam Burrill
|
|
|
Batting: RHB Tan-ming Kwan
|
0-0: Called Strike 0-1: Ball 1-1: Foul Ball, location: 2F 1-2: Foul Ball, location: 2F 1-2: Foul Ball, location: 2F 1-2: Ball 2-2: Foul Ball, location: 2F 2-2: Strikes out looking
|
|
Batting: RHB Guillermo Puente
|
0-0: Ball 1-0: Foul Ball, location: 2F 1-1: Ball 2-1: Swinging Strike 2-2: Foul Ball, location: 2F 2-2: Strikes out swinging
|
|
Batting: SHB Luis Diaz
|
0-0: Swinging Strike 0-1: Ball 1-1: Foul Ball, location: 2F 1-2: Strikes out swinging
|
| Top of the 7th over - 0 runs, 0 hits, 0 errors, 0 left on base; Tijuana 1 - Kelowna 2 |
| BOTTOM OF THE 7TH |
|
Kelowna Heat batting - Pitching for Tijuana Toros : RHP Jimmy Hitchcock
|
|
Batting: LHB Billy Lang
|
0-0: Called Strike 0-1: Called Strike 0-2: Strikes out swinging, 2-3 out at first.
|
|
Batting: SHB Michael Woodard
|
0-0: Ball 1-0: Foul Ball, location: 2F 1-1: Ball 2-1: Ground out 6-3 (Groundball, 6, EV 83.1 MPH)
|
|
Batting: RHB Joey Black
|
0-0: Ball 1-0: Called Strike 1-1: Foul Ball, location: 2F 1-2: Ball 2-2: Ball 3-2: Fly out, F3 (Popup, 3F, EV 66.2 MPH)
|
| Bottom of the 7th over - 0 runs, 0 hits, 0 errors, 0 left on base; Tijuana 1 - Kelowna 2 |
| TOP OF THE 8TH |
|
Tijuana Toros batting - Pitching for Kelowna Heat : RHP Sam Burrill
|
|
Batting: RHB Alex Diaz
|
0-0: Ball 1-0: Called Strike 1-1: Called Strike 1-2: Ball 2-2: Ball 3-2: Strikes out swinging
|
|
Batting: RHB Guo Kwok
|
0-0: Ball 1-0: Ball 2-0: Called Strike 2-1: SOLO HOME RUN (Flyball, 78XD, EV 110.0 MPH), Distance : 439 ft
|
|
Batting: RHB Jerry Afghani
|
0-0: SINGLE (Flyball, 4D, EV 95.0 MPH)
|
|
Batting: RHB Shiki Nomoto
|
0-0: Ball 1-0: Ball Jerry Afghani steals 2nd base 2-0: Ball 3-0: Base on Balls
|
|
Batting: RHB Mario Diaz
|
0-0: Called Strike 0-1: Ball 1-1: Foul Ball, location: 2F 1-2: Foul Ball, location: 2F 1-2: Ball 2-2: Ball 3-2: SINGLE (Flyball, 3D, EV 81.9 MPH) Jerry Afghani to third Shiki Nomoto to second
|
|
Pitching: RHP Edward Jones
|
|
|
Batting: RHB Djoka Subasic
|
0-0: GRAND SLAM HOME RUN (Flyball, 78XD, EV 115.6 MPH), Distance : 433 ft
|
|
Batting: RHB Tan-ming Kwan
|
0-0: Ball 1-0: Swinging Strike 1-1: Called Strike 1-2: Ground out 4-3 (Groundball, 4, EV 83.8 MPH)
|
|
Batting: RHB Guillermo Puente
|
0-0: Foul Ball, location: 2F 0-1: Ball 1-1: Fly out, F8 (Flyball, 8RS, EV 93.1 MPH)
|
| Top of the 8th over - 5 runs, 4 hits, 0 errors, 0 left on base; Tijuana 6 - Kelowna 2 |
| BOTTOM OF THE 8TH |
|
Kelowna Heat batting - Pitching for Tijuana Toros : RHP Jimmy Hitchcock
|
|
Batting: RHB Mike Storey
|
0-0: Ball 1-0: Ball 2-0: Foul Ball, location: 2F 2-1: Called Strike 2-2: Foul Ball, location: 2F 2-2: Foul Ball, location: 2F 2-2: Foul Ball, location: 2F 2-2: Foul Ball, location: 2F 2-2: Foul Ball, location: 2F 2-2: Ball 3-2: Strikes out looking
|
|
Batting: LHB Willy Berrios
|
0-0: Called Strike 0-1: Ball 1-1: Ball 2-1: Called Strike 2-2: Ball 3-2: Strikes out looking
|
|
Batting: RHB Sean Gilbert
|
0-0: Ball 1-0: Swinging Strike 1-1: Called Strike 1-2: Foul Ball, location: 2F 1-2: Strikes out swinging
|
| Bottom of the 8th over - 0 runs, 0 hits, 0 errors, 0 left on base; Tijuana 6 - Kelowna 2 |
| TOP OF THE 9TH |
|
Tijuana Toros batting - Pitching for Kelowna Heat : RHP Edward Jones
|
|
Batting: SHB Luis Diaz
|
0-0: Fly out, F8 (Flyball, 8LM, EV 92.5 MPH)
|
|
Batting: RHB Alex Diaz
|
0-0: Ball 1-0: Ground out 6-3 (Groundball, 6, EV 91.2 MPH)
|
|
Batting: RHB Guo Kwok
|
0-0: Called Strike 0-1: Foul Ball, location: 2F 0-2: Ball 1-2: Ball 2-2: Strikes out swinging
|
| Top of the 9th over - 0 runs, 0 hits, 0 errors, 0 left on base; Tijuana 6 - Kelowna 2 |
| BOTTOM OF THE 9TH |
|
Kelowna Heat batting - Pitching for Tijuana Toros : RHP Jimmy Hitchcock
|
|
Pitching: RHP Joe Goodwin
|
|
|
Pinch Hitting: LHB Alex Larangho
|
0-0: Ball 1-0: Ball 2-0: Ball 3-0: Called Strike 3-1: SINGLE (Groundball, 34D, EV 98.8 MPH)
|
|
Pinch Hitting: RHB Jose Sanchez
|
0-0: Ball 1-0: Ball 2-0: Foul Ball, location: 2F 2-1: Ball 3-1: Foul Ball, location: 2F 3-2: SINGLE (Line Drive, 6D, EV 103.1 MPH) Alex Larangho to second Alex Larangho to third
|
|
Pinch Hitting: LHB Ricardo Torres
|
0-0: Ball 1-0: Swinging Strike Passed Ball! Alex Larangho scores Jose Sanchez to second 1-1: Foul Ball, location: 2F 1-2: Ball 2-2: Strikes out swinging
|
|
Batting: LHB Billy Lang
|
0-0: Ball Passed Ball! Jose Sanchez to third 1-0: Ball 2-0: Foul Ball, location: 2F 2-1: Ball 3-1: Called Strike 3-2: 2-RUN HOME RUN (Flyball, 89XD, EV 106.2 MPH), Distance : 431 ft
|
|
Batting: SHB Michael Woodard
|
0-0: Ball 1-0: DOUBLE (Line Drive, 9LS, EV 96.2 MPH)
|
|
Batting: RHB Joey Black
|
0-0: Called Strike 0-1: Fly out, F9 (Flyball, 9, EV 94.4 MPH) Runner from 2nd tags up, OUT at 3rd! 9-5
|
| Bottom of the 9th over - 3 runs, 4 hits, 0 errors, 0 left on base; Tijuana 6 - Kelowna 5 |
|